 Dungeon Crawl Stone Soup version 0.26-a0-818-g75db068ed4 (webtiles) character file.

Game seed: 3118533883567659972

3749 strifetoe the Cleaver (level 10, -10/57 HPs)
             Began as a Gargoyle Fighter on Nov 15, 2020.
             Was a Follower of Ru.
             Mangled by a two-headed ogre
             ... wielding a +0 giant club
              (19 damage)
             ... on level 8 of the Dungeon.
             The game lasted 00:10:32 (7979 turns).

strifetoe the Cleaver (Gargoyle Fighter)            Turns: 7979, Time: 00:10:33

Health: -10/57     AC: 16    Str: 28    XL:     10   Next: 15%
Magic:  0/10       EV:  7    Int: 10    God:    Ru [*.....]
Gold:   318        SH: 10    Dex:  9    Spells: 9/9 levels left

rFire    . . .     SeeInvis .   a - +0 war axe
rCold    + . .     Faith    .   c - +0 kite shield
rNeg     + . .     Spirit   +   b - +0 scale mail
rPois    ∞         Reflect  .   o - +0 helmet
rElec    +         Harm     .   (no cloak)
rCorr    .         Rampage  .   t - +0 pair of gloves
MR       .....                  (no boots)
Stlth    ..........             q - amulet of guardian spirit
HPRegen  0.19/turn              w - ring of protection from cold
MPRegen  0.12/turn              p - +6 ring of strength

@: studying Poison Magic
A: negative energy resistance 1, electricity resistance, unbreathing,
petrification resistance, rot immunity, inability to train dodging, AC +7
a: Renounce Religion


You were on level 8 of the Dungeon.
You worshipped Ru.
Ru was aware of your devotion.
You visited 2 branches of the dungeon, and saw 9 of its levels.

You collected 318 gold pieces.

Inventory:

Hand Weapons
 a - a +0 war axe (weapon)
 F - a +4 vorpal dire flail
Armour
 b - a +0 scale mail (worn)
 c - a +0 kite shield (worn)
 o - a +0 helmet (worn)
 t - a +0 pair of gloves (worn)
Jewellery
 p - a +6 ring of strength (right hand)
 q - an amulet of guardian spirit (around neck)
 u - an uncursed ring of see invisible
 v - an uncursed ring of see invisible
 w - a ring of protection from cold (left hand)
Wands
 I - a wand of disintegration (8)
Scrolls
 f - 2 scrolls of blinking {unknown}
 g - a scroll of teleportation {unknown}
 j - 9 scrolls of remove curse
 m - 2 scrolls of immolation {unknown}
 n - a scroll of enchant weapon {unknown}
 r - 5 scrolls of identify
 s - 2 scrolls of enchant armour {unknown}
 y - 2 scrolls of magic mapping {unknown}
 D - a scroll of vulnerability {unknown}
 E - 3 scrolls of fog {unknown}
 H - a scroll of amnesia
Potions
 d - 2 potions of might
 h - 2 potions of lignification
 i - 2 potions of mutation
 k - 3 potions of curing
 l - 2 potions of attraction
 x - 2 potions of ambrosia
 A - 2 potions of brilliance
 B - a potion of heal wounds
 C - 2 potions of haste
 G - 2 potions of flight
Books
 z - a manual of Poison Magic


   Skills:
 + Level 4.2 Fighting
 - Level 12.4 Axes
 + Level 4.2 Armour
 - Level 3.2 Shields


You had 9 spell levels left.
You didn't know any spells.
Your spell library contained the following spells:

 Spells                   Type           Power        Failure   Level
 Animate Skeleton         Necr           #.....       98%         1
 Pain                     Necr           #...         98%         1
 Vampiric Draining        Necr           #.........   100%        3
 Animate Dead             Necr           #.........   100%        4
 Agony                    Necr           #.......     100%        5


Dungeon Overview and Level Annotations

Branches:
Dungeon (8/15)             Temple (1/1) D:6
   Lair: D:8-11

Altars:
Ashenzari
Cheibriados
Dithmenos
Elyvilon
Fedhas
Gozag
Hepliaklqana
Kikubaaqudgha
Makhleb
Nemelex Xobeh
Okawaru
Qazlal
Ru
Sif Muna
Trog
Uskayaw
Vehumet
Wu Jian
Xom
Yredelemnul
Zin
The Shining One

Shops:
D:4 (   D:8 *


Innate Abilities, Weirdness & Mutations

You are resistant to torment.
Your stone body is resilient. (AC +7)
You are immune to poison.
You resist negative energy. (rN+)
You are resistant to electric shocks. (rElec)
You can survive without breathing.
You are immune to petrification.
You are immune to rotting.
You cannot train Dodging skill.


Message History

The two-headed ogre hits you with a +0 giant spiked club!
You hit the two-headed ogre.
The two-headed ogre is heavily wounded.
You hit the two-headed ogre.
The two-headed ogre is heavily wounded.
The two-headed ogre closely misses you.
The two-headed ogre hits you but does no damage.
Your shield and scale mail prevent you from hitting the two-headed ogre.
The two-headed ogre is heavily wounded.
The two-headed ogre hits you with a +0 giant club!!
The two-headed ogre hits you with a +0 giant spiked club!
A two-headed ogre is nearby!
A two-headed ogre is nearby!
You are too injured to fight recklessly!
You hit the two-headed ogre.
The two-headed ogre is heavily wounded.
The two-headed ogre hits you with a +0 giant club!
* * * LOW HITPOINT WARNING * * *
The two-headed ogre hits you with a +0 giant spiked club!!
You die...

#..##... ... #....... ..
#..####. #.$ #.......
###.. ######.#####.
?.....######...##.# #.
......#......#.†..# #.
#.............#.## ##.
...##@._......†.####..
......O..............+..
#..(..#.....#.#...####..
...##.#.#..##.#...# ##.
.. # #.#.###...#.# ##
#.#.# ###. .# # ..#.. ..
## ##### ## # ..######


You could see a two-headed ogre.

Vanquished Creatures
  Harold (D:7)
  Prince Ribbit (D:7)
  Eustachio (D:5)
  Edmund (D:6)
  A phantom (D:7)
  A sky beast (D:7)
  2 ice beasts
  A necrophage (D:7)
  2 centaurs
  2 big kobolds
  4 bullfrogs
  A gnoll sergeant (D:8)
  A wyvern skeleton (D:7)
  A scorpion (D:4)
  4 killer bees (D:8)
  4 howler monkeys
  2 electric eels (D:6)
  A bullfrog zombie (D:5)
  A crimson imp (D:3)
  4 hounds
  A jelly (D:6)
  A gnoll shaman (D:5)
  A bullfrog skeleton (D:6)
  An iguana (D:7)
  2 orc wizards
  8 worker ants
  A hound skeleton (D:6)
  A worker ant zombie (D:5)
  16 gnolls
  9 adders
  2 shadow imps (D:5)
  4 white imps
  An ufetubus (D:7)
  2 oozes (D:2)
  An adder skeleton (D:4)
  An adder zombie (D:4)
  5 worms
  A dart slug (D:4)
  3 leopard geckos
  17 orcs
  17 giant cockroaches
  2 goblins
  4 hobgoblins (D:1)
  17 jackals
  11 kobolds
  A quokka (D:5)
  2 ball pythons
  13 bats
  2 frilled lizards
  A giant cockroach zombie (D:5)
  A jackal skeleton (D:4)
  A jackal zombie (D:5)
  2 leopard gecko skeletons (D:8)
  A quokka zombie (D:5)
  7 rats
196 creatures vanquished.

Vanquished Creatures (others)
  2 plants (D:6)
2 creatures vanquished.

Grand Total: 198 creatures vanquished

Notes
Turn   | Place    | Note
-------+----------+-------------------------------------------
     0 | D:1      | strifetoe the Gargoyle Fighter began the quest for the Orb.
     0 | D:1      | Reached XP level 1. HP: 14/14 MP: 1/1
   144 | D:1      | Reached skill level 2 in Axes
   257 | D:1      | Reached XP level 2. HP: 19/19 MP: 2/2
   516 | D:1      | Reached skill level 3 in Axes
   694 | D:1      | Reached XP level 3. HP: 23/23 MP: 3/3
  1103 | D:2      | Reached XP level 4. HP: 25/28 MP: 4/4
  1120 | D:2      | Reached skill level 4 in Axes
  1260 | D:2      | Found a white marble altar of Elyvilon.
  1577 | D:2      | Found a shadowy altar of Dithmenos.
  2204 | D:3      | Found a shimmering altar of Xom.
  2204 | D:3      | Found a burning altar of Makhleb.
  2243 | D:3      | Reached XP level 5. HP: 26/32 MP: 5/5
  2564 | D:3      | Found a stormy altar of Qazlal.
  2613 | D:3      | Reached skill level 5 in Axes
  2954 | D:4      | Reached XP level 6. HP: 35/37 MP: 6/6
  3040 | D:4      | Reached skill level 6 in Axes
  3129 | D:4      | Found Mitan's Antique Weapon Emporium.
  3383 | D:4      | Reached XP level 7. HP: 40/41 MP: 7/7
  3506 | D:4      | Reached skill level 7 in Axes
  3705 | D:5      | Entered Level 5 of the Dungeon
  3881 | D:5      | Noticed Eustachio
  3912 | D:5      | Killed Eustachio
  3913 | D:5      | Reached skill level 8 in Axes
  3913 | D:5      | Reached XP level 8. HP: 19/46 MP: 5/8
  4474 | D:5      | Reached skill level 9 in Axes
  4647 | D:5      | Found a glowing golden altar of the Shining One.
  4858 | D:6      | Found a shadowy altar of Dithmenos.
  5010 | D:6      | Found an opulent altar of Gozag.
  5113 | D:6      | Found a staircase to the Ecumenical Temple.
  5121 | Temple   | Entered the Ecumenical Temple
  5216 | Temple   | Became a worshipper of Ru the Awakened
  5381 | D:6      | Noticed Edmund
  5392 | D:6      | Killed Edmund
  5661 | D:6      | Reached skill level 10 in Axes
  5920 | D:5      | Found an ornate altar of the Wu Jian Council.
  6144 | D:7      | Reached XP level 9. HP: 50/51 MP: 7/9
  6228 | D:7      | Noticed Harold
  6246 | D:7      | Killed Harold
  6247 | D:7      | Reached skill level 11 in Axes
  6835 | D:7      | Reached skill level 12 in Axes
  6919 | D:7      | Found a sparkling altar of Nemelex Xobeh.
  6923 | D:7      | Noticed Prince Ribbit
  6985 | D:7      | Found an ancient bone altar of Kikubaaqudgha.
  7168 | D:7      | Killed Prince Ribbit
  7349 | D:8      | Found Biymuq's Elemental Accessories.
  7379 | D:8      | Reached XP level 10. HP: 43/56 MP: 7/10
  7858 | D:8      | Found an iron altar of Okawaru.
  7885 | D:8      | Gained mutation: You cannot train Dodging skill. [Ru
                  | sacrifice]
  7885 | D:8      | Reached * piety under Ru
  7968 | D:8      | Noticed a two-headed ogre
  7979 | D:8      | Mangled by a two-headed ogre

Illustrated notes

Levels and vault maps discovered:
D:1:      matt_arrival_refuge, layout_loops_corners
D:2:      minmay_roachtagon, layout_rooms, nicolae_dithmenos_shadow_blocks,
          elyvilon_altar_1
D:3:      layout_loops_corners, marbit_many_paths,
          grunt_temple_overflow_champion_of_chaos
D:4:      layout_gridville, serial_shops, nicolae_shop_waterfront
D:5:      lemuel_upstairs_altar, layout_loops_ring, tso_oasis_becter,
          chequers_decorated_corner, minmay_manual_moon, uniq_eustachio
D:6:      layout_basic, lemuel_doored_altar, minmay_temple_entry_mini_moons,
          basic_altar, serial_bayou_lagoon_b, uniq_edmund
D:7:      layout_rooms, nemelex_xobeh_ov_fountains_minmay,
          kennysheep_little_box, uniq_prince_ribbit1, uniq_harold
D:8:      layout_loops_corners, basic_altar, corexii_leaking_fountain,
          hex_large, nicolae_elemental_shop, minmay_between
Temple:   nicolae_temple_great_sept

Skill      XL: |  1  2  3  4  5  6  7  8  9 10 |
---------------+-------------------------------+-----
Axes           | 2 3 4 5 6 8 10 12 | 12.4
Fighting       | 4 |  4.2
Armour         | 4 |  4.2
Shields        | |  3.2

Action                   |  1- 3 |  4- 6 |  7- 9 | 10-12 || total
-------------------------+-------+-------+-------+-------++-------
Melee: War axe           |   129 |   214 |   364 |    71 ||   778
Invok: Sacrifice Nimblen |       |       |       |     1 ||     1
Evoke: Wand              |       |       |     8 |       ||     8
  Use: Scroll            |       |     4 |     8 |       ||    12
Armor: Scale mail        |    93 |   121 |   179 |    61 ||   454
Dodge: Dodged            |    55 |    72 |    81 |    37 ||   245
Block: Kite shield       |    77 |   110 |   185 |    49 ||   421

Table legend: (Time is in decaauts)
 A = Elapsed time spent in this place.
 B = Non-inter-level travel time spent in this place.
 C = Inter-level travel time spent in this place.
 D = Time resting spent in this place.
 E = Time spent auto-exploring this place.
 F = Levels seen in this place.
 G = Mean time per level.
                   A        B        C        D        E       F      G
               +--------+--------+--------+--------+--------+-----+--------+
         Total |   8157 |   7984 |    173 |    669 |   5781 |   9 |  906.3 |
       Dungeon |   8053 |   7888 |    165 |    669 |   5716 |   8 | 1006.6 |
        Temple |    103 |     95 |      8 |      0 |     65 |   1 |  103.0 |
               +--------+--------+--------+--------+--------+-----+--------+

Top non-repeatable levels by time:
     D:6: 1439 daAuts
     D:3: 1193 daAuts
     D:5: 1191 daAuts
     D:1: 1032 daAuts
     D:7: 949 daAuts
     D:4: 832 daAuts
     D:2: 782 daAuts
     D:8: 633 daAuts
  Temple: 103 daAuts
